[Event "GER-ch Youth U12W 2020"]
[Site "Willingen"]
[Date "2020.10.28"]
[Round "3.4"]
[White "Wilmink, Anna"]
[Black "Jacobasch, Ronja"]
[Result "1/2-1/2"]
[ECO "B07"]
[WhiteElo "1608"]
[BlackElo "1549"]
[Annotator "NA"]
[PlyCount "73"]
[EventDate "2020.10.27"]
[EventType "swiss"]
[EventRounds "7"]
[EventCountry "GER"]
[SourceTitle "playchess.com"]
[Source "ChessBase"]
[SourceQuality "1"]
[TimeControl "40/5400+30:1800+30"]

1. e4 d6 2. d4 Nf6 3. Nc3 Nbd7 4. f4 e5 5. Nf3 exd4 6. Nxd4 g6 7. Bd3 Bg7 8. Be3 Qe7 9. O-O O-O 10. h3 Nc5 11. Qf3 Re8 12. Rfe1 Bd7 13. Bf2 Ne6 14. Nxe6 fxe6 15. e5 Nd5 16. Nxd5 exd5 17. Qxd5+ Qf7 18. Qxf7+ Kxf7 19. exd6 Rxe1+ 20. Rxe1 cxd6 21. b3 b6 22. Kf1 Re8 23. Rxe8 Kxe8 24. Ke2 Ke7 25. c4 Ke6 26. Ke3 Bc6 27. g4 Bg2 28. h4 Bh3 29. Kf3 h5 30. gxh5 gxh5 31. Bg3 Bf6 32. f5+ Bxf5 33. Bxf5+ Kxf5 34. Bxd6 Bxh4 35. Bb8 a6 36. Bc7 b5 37. c5 1/2-1/2

[Event "GER-ch Youth U12W 2020"]
[Site "Willingen"]
[Date "2020.10.28"]
[Round "3.5"]
[White "Trunz, Michelle"]
[Black "Lorenz, Veronika"]
[Result "1-0"]
[ECO "D33"]
[WhiteElo "1662"]
[BlackElo "1273"]
[Annotator "NA RC"]
[PlyCount "163"]
[EventDate "2020.10.27"]
[EventType "swiss"]
[EventRounds "7"]
[EventCountry "GER"]
[SourceTitle "playchess.com"]
[Source "ChessBase"]
[SourceQuality "1"]
[TimeControl "40/5400+30:1800+30"]

1. d4 d5 2. c4 e6 3. Nc3 c5 4. cxd5 exd5 5. Nf3 Nc6 6. g3 Nf6 7. Bg2 cxd4 8. Nxd4 Be7 9. O-O O-O 10. Be3 Be6 11. a3 Qd7 12. Qd2 Rfe8 13. Rfd1 Rad8 14. Rac1 Bh3 15. Bh1 Bf8 16. Nb3 Be6 17. Nd4 a6 18. Bg5 Be7 19. e3 h6 20. Bxf6 Bxf6 21. Nce2 Ne5 22. b3 Qe7 23. a4 Rd6 24. Rc2 Nc6 25. Rdc1 Rc8 26. b4 Qe8 27. a5 Rdd8 28. Bg2 Kh8 29. Nxe6 fxe6 30. Bh3 Qe7 31. Nf4 Qd6 32. Nxe6 Re8 33. Nf4 Rcd8 34. Ne6 Rc8 35. Nc5 Rb8 36. Bd7 Re7 37. Bxc6 bxc6 38. Nxa6 Rc8 39. b5 Ra7 40. Qd3 Rca8 41. Rxc6 Qd8 42. Rb6 Be7 43. Kg2 Kg8 44. Qf5 Bf6 45. Qe6+ Kh8 46. Rd1 Rd7 47. Nc5 Re7 48. Qxd5 Qxd5+ 49. Rxd5 Rxa5 50. Nb3 Ra3 51. Nd4 Rd3 52. Rbd6 Rb7 53. b6 Bxd4 54. Rxd4 Rb3 55. Re4 R7xb6 56. Rxb6 Rxb6 57. Kf3 Kg8 58. Rf4 Kh7 59. Kg4 Kg6 60. h4 h5+ 61. Kf3 Re6 62. g4 hxg4+ 63. Kxg4 Kh6 64. Kf3 Kh5 65. Kg3 Rg6+ 66. Kf3 Re6 67. e4 g5 68. Rf5 Kxh4 69. Ke3 g4 70. e5 g3 71. fxg3+ Kxg3 72. Rg5+ Kh4 73. Kf4 Re8 74. Rg6 Kh5 75. Rf6 Rd8 76. Kf5 Rd1 77. Rd6 Rf1+ 78. Ke6 Kg6 79. Kd7+ Kf7 80. e6+ Kg8 81. e7 Rf7 82. Kd8 1-0

[Event "GER-ch Youth U12W 2020"]
[Site "Willingen"]
[Date "2020.10.28"]
[Round "3.6"]
[White "Fischer, Juliane"]
[Black "Fock, Madiha"]
[Result "1-0"]
[ECO "B01"]
[WhiteElo "1509"]
[BlackElo "1258"]
[Annotator "NA"]
[PlyCount "55"]
[EventDate "2020.10.27"]
[EventType "swiss"]
[EventRounds "7"]
[EventCountry "GER"]
[SourceTitle "playchess.com"]
[Source "ChessBase"]
[SourceQuality "1"]
[TimeControl "40/5400+30:1800+30"]

1. e4 d5 2. exd5 Qxd5 3. Nc3 Qd6 4. d4 c6 5. Nf3 Bg4 6. Be3 e6 7. Bd3 Nf6 8. h3 Bh5 9. Qe2 Nbd7 10. O-O-O O-O-O 11. g4 Bg6 12. Bxg6 hxg6 13. Ne5 Qe7 14. Nxc6 bxc6 15. Qa6+ Kb8 16. Bf4+ e5 17. dxe5 Nd5 18. Nxd5 Qe6 19. Qa5 Rc8 20. Be3 c5 21. Rd3 Rc6 22. Nf4 Qe8 23. Rhd1 Rc7 24. Rxd7 Rxd7 25. Qb5+ Kc8 26. Qc6+ Kd8 27. Qa8+ Kc7 28. Qxe8 1-0

[Event "GER-ch Youth U12W 2020"]
[Site "Willingen"]
[Date "2020.10.28"]
[Round "3.7"]
[White "Schwenke, Mia"]
[Black "Cerkez, Lorena"]
[Result "1-0"]
[ECO "C07"]
[WhiteElo "1265"]
[BlackElo "1258"]
[Annotator "NA"]
[PlyCount "131"]
[EventDate "2020.10.27"]
[EventType "swiss"]
[EventRounds "7"]
[EventCountry "GER"]
[SourceTitle "playchess.com"]
[Source "ChessBase"]
[SourceQuality "1"]
[TimeControl "40/5400+30:1800+30"]

1. e4 e6 2. d4 d5 3. Nd2 c5 4. exd5 Qxd5 5. Ngf3 Nc6 6. Bc4 Qd8 7. O-O Nf6 8. Nb3 b6 9. Re1 Be7 10. Bb5 Bd7 11. Bxc6 Bxc6 12. Ne5 Qd5 13. Nxc6 Qxc6 14. c3 Rd8 15. Qe2 O-O 16. Bf4 Rd7 17. Rad1 Rc8 18. Be5 Rcd8 19. Bxf6 Bxf6 20. dxc5 Rxd1 21. Rxd1 bxc5 22. Rxd8+ Bxd8 23. Qd2 Be7 24. g3 Kf8 25. Nc1 f6 26. Ne2 e5 27. f4 c4 28. fxe5 fxe5 29. h3 Bc5+ 30. Kh2 Ke7 31. Qg5+ Qf6 32. Qxf6+ gxf6 33. Kg2 Be3 34. Kf3 Bd2 35. g4 Be1 36. Ke3 Ke6 37. Ke4 Bf2 38. Kf3 Be1 39. Ke4 Bd2 40. b3 cxb3 41. axb3 Bg5 42. c4 Kd6 43. b4 a6 44. Nc3 Bd2 45. Nd5 Kc6 46. b5+ axb5 47. cxb5+ Kxb5 48. Nxf6 h6 49. Kxe5 Bg5 50. Kf5 Kc4 51. Kg6 Kd4 52. Ng8 Ke5 53. Nxh6 Kf4 54. Nf7 Be7 55. Kh5 Kg3 56. Ng5 Kf4 57. h4 Bf6 58. Nh3+ Kg3 59. g5 Be5 60. Ng1 Kf2 61. Kg6 Kxg1 62. h5 Kf2 63. Kf7 Kg3 64. g6 Kg4 65. h6 Kh5 66. g7 1-0

[Event "GER-ch Youth U12W 2020"]
[Site "Willingen"]
[Date "2020.10.28"]
[Round "3.9"]
[White "Glotz, Diana"]
[Black "Müller, Riyanna"]
[Result "1-0"]
[ECO "A25"]
[WhiteElo "1098"]
[BlackElo "1460"]
[Annotator "NA"]
[PlyCount "41"]
[EventDate "2020.10.27"]
[EventType "swiss"]
[EventRounds "7"]
[EventCountry "GER"]
[SourceTitle "playchess.com"]
[Source "ChessBase"]
[SourceQuality "1"]
[TimeControl "40/5400+30:1800+30"]

1. c4 e5 2. Nc3 Nc6 3. g3 Nf6 4. Bg2 Bc5 5. e3 d5 6. cxd5 Nb4 7. d4 exd4 8. exd4 Be7 9. Nge2 Bf5 10. Qa4+ Kf8 11. O-O Bc2 12. b3 Bf5 13. d6 Bxd6 14. Qb5 Bd7 15. Qg5 h6 16. Qd2 c6 17. Ba3 Qe7 18. Nf4 g5 19. Rfe1 Bxf4 20. gxf4 Qd6 21. Nb5 1-0

[Event "GER-ch Youth U12W 2020"]
[Site "Willingen"]
[Date "2020.10.28"]
[Round "3.10"]
[White "Reich, Elisabeth"]
[Black "Bakó, Evelin"]
[Result "0-1"]
[ECO "C42"]
[WhiteElo "1128"]
[BlackElo "1192"]
[Annotator "NA"]
[PlyCount "96"]
[EventDate "2020.10.27"]
[EventType "swiss"]
[EventRounds "7"]
[EventCountry "GER"]
[SourceTitle "playchess.com"]
[Source "ChessBase"]
[SourceQuality "1"]
[TimeControl "40/5400+30:1800+30"]

1. e4 e5 2. Nf3 Nf6 3. Nc3 Bb4 4. d3 Bxc3+ 5. bxc3 d6 6. Bg5 Nbd7 7. Be2 O-O 8. O-O h6 9. Bh4 Re8 10. Nd2 b6 11. Bg4 c6 12. Re1 d5 13. c4 d4 14. Nb3 c5 15. a4 a6 16. Qf3 Rb8 17. Bxd7 Bxd7 18. Bxf6 Qxf6 19. Qxf6 gxf6 20. a5 Rec8 21. axb6 Rxb6 22. Ra5 Rbc6 23. Rea1 f5 24. exf5 Bxf5 25. Rxa6 Rxa6 26. Rxa6 e4 27. Rxh6 exd3 28. cxd3 Bxd3 29. Nd2 Re8 30. f3 Re1+ 31. Kf2 Re2+ 32. Kg3 Rxd2 33. Rc6 Bxc4 34. Rxc5 Bf1 35. Rd5 Rxg2+ 36. Kh3 Rg5+ 37. Kh4 Rxd5 38. h3 Be2 39. f4 Rh5+ 40. Kg3 f5 41. Kf2 Bc4 42. Ke1 Rxh3 43. Kd2 Rh2+ 44. Kd1 Kf7 45. Ke1 d3 46. Kd1 Bb3+ 47. Ke1 d2+ 48. Kf1 d1=Q# 0-1

[Event "GER-ch Youth U12W 2020"]
[Site "Willingen"]
[Date "2020.10.28"]
[Round "3.11"]
[White "Petrosyan, Ani"]
[Black "Khanbekyan, Nare"]
[Result "1-0"]
[ECO "A04"]
[WhiteElo "1370"]
[BlackElo "1329"]
[Annotator "NA"]
[PlyCount "81"]
[EventDate "2020.10.27"]
[EventType "swiss"]
[EventRounds "7"]
[EventCountry "GER"]
[SourceTitle "playchess.com"]
[Source "ChessBase"]
[SourceQuality "1"]
[TimeControl "40/5400+30:1800+30"]

1. Nf3 c5 2. e3 g6 3. c4 Bg7 4. Nc3 Nf6 5. Be2 O-O 6. O-O b6 7. d4 Bb7 8. d5 e6 9. e4 Na6 10. Bf4 Nc7 11. a4 a6 12. Qb3 b5 13. axb5 axb5 14. Qd1 bxc4 15. Bxc4 exd5 16. Rxa8 Bxa8 17. Bxd5 Ncxd5 18. Nxd5 Nxe4 19. Re1 Nf6 20. Nc7 Bc6 21. Bd6 Qc8 22. Qb3 Rd8 23. Re7 Rf8 24. Ng5 Qb7 25. Qxb7 Bxb7 26. Bxc5 Rc8 27. Bd6 Bf8 28. Rxf7 Bxd6 29. Rxf6 Rxc7 30. f4 Rc1+ 31. Kf2 Rc2+ 32. Ke3 Bc5+ 33. Kd3 Rxg2 34. Rf7 Ba6+ 35. Ke4 Rxh2 36. Rxd7 Re2+ 37. Kf3 Re3+ 38. Kg2 h6 39. Rd8+ Kg7 40. Rd7+ Kf6 41. Rf7# 1-0

[Event "GER-ch Youth U12W 2020"]
[Site "Willingen"]
[Date "2020.10.28"]
[Round "3.12"]
[White "Bangiev, Katharina"]
[Black "Czäczine, Laura"]
[Result "1-0"]
[ECO "C47"]
[WhiteElo "1539"]
[BlackElo "1309"]
[Annotator "NA"]
[PlyCount "77"]
[EventDate "2020.10.27"]
[EventType "swiss"]
[EventRounds "7"]
[EventCountry "GER"]
[SourceTitle "playchess.com"]
[Source "ChessBase"]
[SourceQuality "1"]
[TimeControl "40/5400+30:1800+30"]

1. e4 e5 2. Nf3 Nc6 3. Nc3 Nf6 4. g3 d5 5. exd5 Nxd5 6. Bg2 Bg4 7. O-O Nxc3 8. bxc3 Qd7 9. d3 O-O-O 10. Be3 Qe6 11. Qc1 f6 12. Qb2 h5 13. h4 g5 14. hxg5 Bxf3 15. Bxf3 h4 16. Qb3 Qh3 17. Bd5 Re8 18. Rab1 Na5 19. Bxb7+ Kd7 20. Qd5+ Bd6 21. Qxa5 hxg3 22. Rfe1 gxf2+ 23. Kxf2 Qh2+ 24. Bg2 fxg5 25. Qb5+ Ke7 26. Bxg5+ Kf8 27. Qd5 Qh5 28. Qf3+ Kg8 29. Qxh5 Rxh5 30. Bd5+ Kg7 31. Rg1 Kh7 32. Ke2 Bc5 33. Be4+ Kg7 34. Be3+ Kf7 35. Bg6+ Ke6 36. Bxh5 Bxe3 37. Kxe3 Rh8 38. Rg6+ Kf5 39. Rf1# 1-0

[Event "GER-ch Youth U12W 2020"]
[Site "Willingen"]
[Date "2020.10.28"]
[Round "3.13"]
[White "Heuberger, Sandra"]
[Black "Siegel, Irene"]
[Result "0-1"]
[ECO "D60"]
[WhiteElo "1004"]
[BlackElo "1380"]
[Annotator "NA"]
[PlyCount "124"]
[EventDate "2020.10.27"]
[EventType "swiss"]
[EventRounds "7"]
[EventCountry "GER"]
[SourceTitle "playchess.com"]
[Source "ChessBase"]
[SourceQuality "1"]
[TimeControl "40/5400+30:1800+30"]

1. d4 d5 2. c4 e6 3. Nc3 Nf6 4. Bg5 Be7 5. Nf3 O-O 6. e3 Nbd7 7. cxd5 exd5 8. Bd3 b6 9. O-O Bb7 10. Qc2 h6 11. Bh4 c5 12. Nd2 Qc7 13. Rfe1 c4 14. Bf1 Rfe8 15. Nb5 Qd8 16. Bg3 a6 17. Nc7 Rc8 18. Nxe8 Qxe8 19. a3 b5 20. f3 Nh5 21. Bf2 Ndf6 22. e4 dxe4 23. Nxe4 Bxe4 24. fxe4 Ng4 25. Qe2 Qd7 26. h3 Ngf6 27. e5 Nf4 28. Qf3 N6d5 29. Qg4 Qc6 30. Be3 g5 31. Bxf4 Nxf4 32. Qf3 Qg6 33. Qe4 Qb6 34. Rad1 Rd8 35. Kh2 Ne6 36. d5 Nf4 37. Be2 Re8 38. Bf3 Bd6 39. Qd4 Qxd4 40. Rxd4 Bxe5 41. Rdd1 Nd3+ 42. Kg1 Nxe1 43. Rxe1 Bd4+ 44. Kf1 Rxe1+ 45. Kxe1 Bxb2 46. d6 Bxa3 47. d7 Be7 48. Bb7 a5 49. Kd2 Kg7 50. Bc6 b4 51. Bb5 c3+ 52. Kc2 Kf6 53. Bc4 Bd8 54. Bb5 Ke7 55. Ba4 f5 56. g3 Bc7 57. Kd3 Bxg3 58. Ke3 c2 59. Bxc2 f4+ 60. Kf3 Kxd7 61. Bb3 Kd6 62. Ke2 Kc5 0-1

[Event "GER-ch Youth U12W 2020"]
[Site "Willingen"]
[Date "2020.10.28"]
[Round "3.14"]
[White "Rodermel, Leonie"]
[Black "Rosin, Ida"]
[Result "1-0"]
[ECO "B49"]
[WhiteElo "1370"]
[BlackElo "1387"]
[Annotator "NA"]
[PlyCount "73"]
[EventDate "2020.10.27"]
[EventType "swiss"]
[EventRounds "7"]
[EventCountry "GER"]
[SourceTitle "playchess.com"]
[Source "ChessBase"]
[SourceQuality "1"]
[TimeControl "40/5400+30:1800+30"]

1. e4 c5 2. Nf3 e6 3. d4 cxd4 4. Nxd4 Nc6 5. Nc3 Qc7 6. Be2 a6 7. Be3 Nf6 8. O-O Bc5 9. Nxe6 fxe6 10. Bxc5 Qe5 11. Qd6 Qxd6 12. Bxd6 Nd4 13. Bd3 b5 14. e5 Nh5 15. Be4 Ra7 16. Bc5 Rc7 17. Bxd4 O-O 18. g3 b4 19. Ne2 Bb7 20. Bxb7 Rxb7 21. f4 Rc7 22. c3 bxc3 23. Bxc3 Rd8 24. Ba5 Rc2 25. Bxd8 Rxe2 26. Rf2 Re4 27. b3 Kf7 28. Rd1 Ke8 29. Bb6 Rb4 30. Bc5 Rb5 31. Bd6 g6 32. Rc2 Kf7 33. Rc8 Ra5 34. a4 Kg7 35. Bf8+ Kf7 36. Rxd7+ Kg8 37. Bh6# 1-0

[Event "GER-ch Youth U12W 2020"]
[Site "Willingen"]
[Date "2020.10.28"]
[Round "3.15"]
[White "Pröttel, Ela"]
[Black "Modali, Nikhilamrutha"]
[Result "1-0"]
[ECO "B13"]
[WhiteElo "1229"]
[BlackElo "1193"]
[Annotator "NA"]
[PlyCount "105"]
[EventDate "2020.10.27"]
[EventType "swiss"]
[EventRounds "7"]
[EventCountry "GER"]
[SourceTitle "playchess.com"]
[Source "ChessBase"]
[SourceQuality "1"]
[TimeControl "40/5400+30:1800+30"]

1. e4 c6 2. d4 d5 3. exd5 cxd5 4. Bd3 Nf6 5. c3 Bg4 6. Qb3 Qc7 7. f3 Bh5 8. Ne2 Bg6 9. Bf4 Qd7 10. Bxg6 fxg6 11. Nd2 e6 12. O-O Nc6 13. Rae1 Nh5 14. g3 Na5 15. Qc2 Bd6 16. Bxd6 Qxd6 17. Qa4+ Nc6 18. f4 O-O 19. Nf3 Ne7 20. Nc1 Nf6 21. Ng5 Nf5 22. Rxe6 Qc7 23. Rfe1 Nd6 24. Qb4 Rfe8 25. Rxe8+ Rxe8 26. Rxe8+ Ndxe8 27. Qc5 Qd7 28. Nd3 h6 29. Nf3 Qg4 30. Kg2 b6 31. Qe7 h5 32. h3 Qf5 33. Qe3 Ne4 34. Ng5 N8d6 35. Nxe4 Nxe4 36. Nf2 Kf7 37. Nxe4 dxe4 38. b3 Ke6 39. c4 Kd6 40. a3 Kc6 41. a4 a6 42. d5+ Kd6 43. Qxb6+ Ke7 44. Qxa6 e3 45. Qa7+ Kf8 46. Qxe3 Qc2+ 47. Kf3 Qd1+ 48. Ke4 Qb1+ 49. Kd4 Qa1+ 50. Kc5 Qa3+ 51. Kb5 Qd6 52. Qc5 Qxc5+ 53. Kxc5 1-0

[Event "GER-ch Youth U12W 2020"]
[Site "Willingen"]
[Date "2020.10.28"]
[Round "3.16"]
[White "Hergenröder, Cora"]
[Black "Steinlechner, Katja"]
[Result "1/2-1/2"]
[ECO "E22"]
[WhiteElo "1422"]
[BlackElo "1366"]
[Annotator "NA"]
[PlyCount "53"]
[EventDate "2020.10.27"]
[EventType "swiss"]
[EventRounds "7"]
[EventCountry "GER"]
[SourceTitle "playchess.com"]
[Source "ChessBase"]
[SourceQuality "1"]
[TimeControl "40/5400+30:1800+30"]

1. d4 Nf6 2. c4 e6 3. Nc3 Bb4 4. Qb3 Bxc3+ 5. Qxc3 h6 6. Nf3 d5 7. Bf4 O-O 8. e3 b6 9. Be2 Bb7 10. O-O Nbd7 11. Ne5 Ne4 12. Qc2 Rc8 13. Rac1 Qe7 14. Bf3 Ndf6 15. a3 Rfd8 16. cxd5 exd5 17. Bxe4 Nxe4 18. f3 Nd6 19. Rfe1 a5 20. b4 axb4 21. axb4 Nb5 22. Qd3 c6 23. Qf5 Rf8 24. Qg4 Qe6 25. Qxe6 fxe6 26. Ng6 Rfe8 27. g4 1/2-1/2

[Event "GER-ch Youth U12W 2020"]
[Site "Willingen"]
[Date "2020.10.28"]
[Round "3.17"]
[White "Eichhorn, Mathilda"]
[Black "Flierl, Veronika"]
[Result "0-1"]
[ECO "B13"]
[WhiteElo "1560"]
[BlackElo "1404"]
[Annotator "NA"]
[PlyCount "52"]
[EventDate "2020.10.27"]
[EventType "swiss"]
[EventRounds "7"]
[EventCountry "GER"]
[SourceTitle "playchess.com"]
[Source "ChessBase"]
[SourceQuality "1"]
[TimeControl "40/5400+30:1800+30"]

1. e4 c6 2. d4 d5 3. exd5 cxd5 4. c4 Nf6 5. Nc3 Bf5 6. Bg5 Nbd7 7. Nf3 e6 8. cxd5 exd5 9. Bxf6 Nxf6 10. Bb5+ Bd7 11. O-O Be7 12. Bxd7+ Qxd7 13. Ne5 Qd6 14. Qa4+ Kf8 15. Rac1 g6 16. Nb5 Qb6 17. g4 Kg7 18. g5 Ne4 19. f4 Rhc8 20. Rxc8 Rxc8 21. f5 Nxg5 22. fxg6 hxg6 23. Rb1 Qf6 24. Kg2 Ne4 25. Rf1 Qg5+ 26. Kh1 Nf2+ 0-1

[Event "GER-ch Youth U12W 2020"]
[Site "Willingen"]
[Date "2020.10.28"]
[Round "3.18"]
[White "Moldovan, Tatiana"]
[Black "Heutling, Sarah"]
[Result "1-0"]
[ECO "C70"]
[WhiteElo "1516"]
[BlackElo "1197"]
[Annotator "NA"]
[PlyCount "105"]
[EventDate "2020.10.27"]
[EventType "swiss"]
[EventRounds "7"]
[EventCountry "GER"]
[SourceTitle "playchess.com"]
[Source "ChessBase"]
[SourceQuality "1"]
[TimeControl "40/5400+30:1800+30"]

1. e4 e5 2. Nf3 Nc6 3. Bb5 a6 4. Ba4 b5 5. Bb3 Na5 6. d3 d6 7. a3 Nxb3 8. cxb3 Bb7 9. O-O Nf6 10. Nc3 Be7 11. Qe2 O-O 12. Ng5 h6 13. Nh3 Qd7 14. Qf3 c6 15. Qg3 Nh5 16. Qf3 d5 17. Qxh5 Qe6 18. f4 d4 19. Nd1 c5 20. fxe5 c4 21. Nf4 Qd7 22. bxc4 bxc4 23. Nf2 cxd3 24. N4xd3 f6 25. exf6 Bxf6 26. Nc5 Qe7 27. Nxb7 Qxb7 28. Rd1 Rad8 29. b4 d3 30. e5 Be7 31. Be3 Qb5 32. Rd2 Rd5 33. Qd1 Rxe5 34. Rxd3 Bf6 35. Ng4 Rf5 36. Nxf6+ R5xf6 37. Qb3+ Kh8 38. Bc5 R8f7 39. Rd8+ Kh7 40. Qd3+ Qxd3 41. Rxd3 g5 42. Rdd1 Re6 43. Re1 Rc6 44. Re7 Rxe7 45. Bxe7 Rc7 46. Bc5 Kg6 47. Rd1 Kh5 48. Rd6 Rc8 49. h3 Re8 50. Kf2 Rf8+ 51. Kg3 Rf7 52. Kh2 Kh4 53. Rxh6# 1-0

[Event "GER-ch Youth U12W 2020"]
[Site "Willingen"]
[Date "2020.10.28"]
[Round "3.19"]
[White "Margaryan, Venera"]
[Black "Woiteck, Helena"]
[Result "1-0"]
[ECO "D20"]
[WhiteElo "1457"]
[BlackElo "1092"]
[Annotator "NA"]
[PlyCount "35"]
[EventDate "2020.10.27"]
[EventType "swiss"]
[EventRounds "7"]
[EventCountry "GER"]
[SourceTitle "playchess.com"]
[Source "ChessBase"]
[SourceQuality "1"]
[TimeControl "40/5400+30:1800+30"]

1. d4 d5 2. c4 dxc4 3. e3 Nf6 4. Bxc4 Bf5 5. Qb3 b6 6. Bxf7+ Kd7 7. Qb5+ c6 8. Qxf5+ Kc7 9. Nf3 Nfd7 10. Ne5 Kb7 11. Nxd7 Nxd7 12. Nc3 g6 13. Qe4 Bg7 14. d5 Bf8 15. dxc6+ Kc7 16. Nb5+ Kc8 17. cxd7+ Qxd7 18. Qxa8# 1-0

[Event "GER-ch Youth U12W 2020"]
[Site "Willingen"]
[Date "2020.10.28"]
[Round "3.20"]
[White "Hoffmann, Sophia"]
[Black "Marrufo, Emilia"]
[Result "1-0"]
[ECO "D02"]
[WhiteElo "1345"]
[BlackElo "788"]
[Annotator "NA"]
[PlyCount "89"]
[EventDate "2020.10.27"]
[EventType "swiss"]
[EventRounds "7"]
[EventCountry "GER"]
[SourceTitle "playchess.com"]
[Source "ChessBase"]
[SourceQuality "1"]
[TimeControl "40/5400+30:1800+30"]

1. d4 d5 2. Nf3 Nf6 3. Bf4 g6 4. e3 Bg7 5. Bd3 O-O 6. Nbd2 Bf5 7. Bxf5 gxf5 8. O-O Nc6 9. Nh4 e6 10. Nhf3 Ne4 11. Nxe4 dxe4 12. Nd2 f6 13. f3 e5 14. Bg3 f4 15. Bf2 fxe3 16. Bxe3 exd4 17. Bf4 e3 18. Nb3 f5 19. Re1 Re8 20. Qd3 Qh4 21. Bg3 Qg5 22. Nc5 f4 23. Qb3+ Kf8 24. Ne6+ Rxe6 25. Qxe6 fxg3 26. hxg3 Nb4 27. Qc4 a5 28. Qxc7 Be5 29. Qc5+ Qe7 30. Qc4 Bxg3 31. Red1 e2 32. Re1 Bxe1 33. Rxe1 Qe3+ 34. Kh1 Qd2 35. Rxe2 Qf4 36. Qc5+ Kg7 37. Re7+ Kg6 38. Qb6+ Qf6 39. Qxb7 Qh4+ 40. Kg1 Rd8 41. Re6+ Kf5 42. Qf7+ Kg5 43. Qf6+ Kh5 44. Re5+ Qg5 45. Qxg5# 1-0

[Event "GER-ch Youth U12W 2020"]
[Site "Willingen"]
[Date "2020.10.29"]
[Round "4.1"]
[White "Bräutigam, Katerina"]
[Black "Peglau, Charis"]
[Result "1-0"]
[ECO "B40"]
[WhiteElo "1744"]
[BlackElo "1768"]
[Annotator "NA RC"]
[PlyCount "101"]
[EventDate "2020.10.27"]
[EventType "swiss"]
[EventRounds "7"]
[EventCountry "GER"]
[SourceTitle "playchess.com"]
[Source "ChessBase"]
[SourceQuality "1"]
[TimeControl "40/5400+30:1800+30"]

1. e4 c5 2. Nf3 e6 3. d4 cxd4 4. Qxd4 Nc6 5. Qe3 b6 6. Be2 Bc5 7. Qf4 Nf6 8. O-O h6 9. e5 Nd5 10. Qg3 Kf8 11. Nbd2 Nde7 12. Ne4 Nf5 13. Qf4 Nfd4 14. Bd1 Nxf3+ 15. Bxf3 g5 16. Qd2 Nxe5 17. Qc3 Nxf3+ 18. Qxf3 Bb7 19. Qc3 Rg8 20. Nxc5 bxc5 21. Qxc5+ Qe7 22. Qa5 Kg7 23. Bd2 Qd6 24. Bc3+ f6 25. Rad1 Qc6 26. f3 Rgc8 27. Qb4 Rf8 28. Qd4 Rf7 29. Kh1 Qb6 30. Qg4 Bd5 31. f4 Kg6 32. f5+ Kg7 33. Qh5 Qb7 34. Rd2 exf5 35. Rxf5 Be4 36. Rf1 Bg6 37. Qh3 Qb5 38. Rfd1 Bf5 39. Qf3 Rb8 40. Rf2 Bg6 41. Rd6 Rb6 42. Rxf6 Rbxf6 43. Bxf6+ Kh7 44. Qa8 Rxf6 45. Rxf6 Qxb2 46. Qf8 Qe5 47. Rf1 Bxc2 48. Qf7+ Qg7 49. Rf6 Bd3 50. g4 a6 51. Rxh6+ 1-0

[Event "GER-ch Youth U12W 2020"]
[Site "Willingen"]
[Date "2020.10.29"]
[Round "4.2"]
[White "Wartenberg, Alissa"]
[Black "Wilmink, Anna"]
[Result "0-1"]
[ECO "C42"]
[WhiteElo "1463"]
[BlackElo "1608"]
[Annotator "NA RC"]
[PlyCount "72"]
[EventDate "2020.10.27"]
[EventType "swiss"]
[EventRounds "7"]
[EventCountry "GER"]
[SourceTitle "playchess.com"]
[Source "ChessBase"]
[SourceQuality "1"]
[TimeControl "40/5400+30:1800+30"]

1. e4 e5 2. Nf3 Nf6 3. Nc3 Bb4 4. Nd5 Nxd5 5. exd5 O-O 6. c3 Ba5 7. a4 a6 8. b3 d6 9. Qc2 Nd7 10. Ba3 Nf6 11. O-O-O Re8 12. Ng5 c6 13. Bd3 h6 14. Ne4 Nxe4 15. Bxe4 cxd5 16. Bxd5 Be6 17. Bxe6 Rxe6 18. h4 d5 19. Rh3 Rc8 20. g4 e4 21. Kb2 d4 22. Rc1 b5 23. axb5 axb5 24. h5 b4 25. c4 Ra8 26. Rhh1 bxa3+ 27. Ka2 d3 28. Qd1 Qd4 29. Rb1 Qxf2 30. b4 Bc7 31. Qc1 e3 32. Rd1 e2 33. Re1 Bg3 34. c5 Qxe1 35. Qxe1 Bxe1 36. Rxe1 Rf6 0-1

[Event "GER-ch Youth U12W 2020"]
[Site "Willingen"]
[Date "2020.10.29"]
[Round "4.3"]
[White "Jacobasch, Ronja"]
[Black "Trunz, Michelle"]
[Result "1/2-1/2"]
[ECO "A06"]
[WhiteElo "1549"]
[BlackElo "1662"]
[Annotator "NA RC"]
[PlyCount "150"]
[EventDate "2020.10.27"]
[EventType "swiss"]
[EventRounds "7"]
[EventCountry "GER"]
[SourceTitle "playchess.com"]
[Source "ChessBase"]
[SourceQuality "1"]
[TimeControl "40/5400+30:1800+30"]

1. Nf3 d5 2. d3 Nf6 3. g3 c6 4. Bg2 Bf5 5. O-O e6 6. Nbd2 h6 7. Re1 Be7 8. h3 O-O 9. Nh2 a5 10. e4 Bh7 11. e5 Nfd7 12. d4 b5 13. Ndf1 Na6 14. h4 Nb4 15. Ne3 c5 16. c3 Nd3 17. Rf1 c4 18. Neg4 Kh8 19. f4 Nb6 20. Nf2 Nxf2 21. Rxf2 b4 22. Bh3 Qd7 23. Qf1 Bd3 24. Qd1 bxc3 25. bxc3 Na4 26. Qe1 Rab8 27. Ng4 Bf5 28. Kh2 Rb7 29. Ne3 Bxh3 30. Kxh3 g6 31. Nc2 h5 32. Qe3 f5 33. exf6 Bxf6 34. Re2 e5+ 35. Kh2 e4 36. Rf2 Bg7 37. Ba3 Rf6 38. Raf1 Bh6 39. Qe1 Nb2 40. Bxb2 Rxb2 41. Ne3 Rfb6 42. Qc1 R2b5 43. Qe1 Qb7 44. Re2 Rb1 45. Qf2 R1b2 46. Rfe1 a4 47. Rxb2 Rxb2 48. Re2 a3 49. Kh3 Rxe2 50. Qxe2 Qb2 51. Qc2 Kh7 52. Kg2 Qb5 53. Qc1 Bf8 54. Qc2 Kg7 55. f5 Qb2 56. Kf2 Bd6 57. fxg6 Kxg6 58. Kg2 Bc7 59. Qf2 Ba5 60. Nxd5 Bxc3 61. Nf4+ Kh6 62. d5 Bd4 63. Qe2 Be5 64. Kf1 Bxf4 65. gxf4 Qd4 66. d6 Qxd6 67. Qxe4 Qd3+ 68. Qxd3 cxd3 69. f5 Kg7 70. Ke1 Kf6 71. Kd2 Kxf5 72. Kxd3 Kg4 73. Ke2 Kxh4 74. Kf2 Kg4 75. Kg2 Kf4 1/2-1/2

[Event "GER-ch Youth U12W 2020"]
[Site "Willingen"]
[Date "2020.10.29"]
[Round "4.4"]
[White "Bangiev, Katharina"]
[Black "Peglau, Dora"]
[Result "1/2-1/2"]
[ECO "B24"]
[WhiteElo "1539"]
[BlackElo "1683"]
[Annotator "NA RC"]
[PlyCount "95"]
[EventDate "2020.10.27"]
[EventType "swiss"]
[EventRounds "7"]
[EventCountry "GER"]
[SourceTitle "playchess.com"]
[Source "ChessBase"]
[SourceQuality "1"]
[TimeControl "40/5400+30:1800+30"]

1. e4 c5 2. Nc3 Nc6 3. g3 g6 4. Bg2 Bg7 5. f4 d6 6. Nge2 Nf6 7. O-O O-O 8. d3 Bd7 9. h3 a6 10. a4 Qc7 11. Be3 Rab8 12. Qd2 b5 13. axb5 axb5 14. f5 b4 15. Nd1 Ra8 16. Rxa8 Rxa8 17. c3 Ra1 18. d4 bxc3 19. bxc3 Qa5 20. fxg6 hxg6 21. Nf4 cxd4 22. cxd4 Qxd2 23. Bxd2 Ra4 24. d5 Ne5 25. Nc3 Ra3 26. Rb1 g5 27. Nfe2 Bxh3 28. Bxg5 Bg4 29. Rb7 Kf8 30. Rb8+ Ne8 31. Rb7 Bd7 32. Bf4 Ra1+ 33. Rb1 Rxb1+ 34. Nxb1 Nd3 35. Bd2 Be5 36. Bc3 Nf6 37. Bxe5 Nxe5 38. Nbc3 Bg4 39. Nd4 Ke8 40. Kf2 Nd3+ 41. Ke3 Nc5 42. Bf3 Bxf3 43. Nxf3 Nh5 44. g4 Nf6 45. g5 Nh5 46. Kd4 Nd7 47. e5 dxe5+ 48. Nxe5 1/2-1/2